Map: Orbital Shipyard

Players

Javert

  • Race: Zerg Zerg
  • League: Platinum

Idunno - Winner!

  • Race: Terran Terran
  • League: Platinum

VOD

Have the link to the VOD?

Description

Time

  • Played on: Aug. 12, 2015, 10:10 p.m.
  • Length: 7:34
Show
View Real Time Build Order
Export as new Build Order

Javert Zerg 

Build Orders: Pool First 

Get SALT Encoding   

  12  0:01  Drone  
  13  0:11  Drone  
  13  0:13  Extractor  
  13  0:14  Extractor  
  13  0:18  Drone  
  13  0:23  Drone  
  15  0:39  Spawning Pool  
  14  0:45  Overlord  
  14  0:51  Extractor  
  14  0:54  Drone  
  15  1:05  Drone x2  
  15  1:09  Drone  
  18  1:20  Drone  
  19  1:27  Roach Warren  
  18  1:34  Queen  
  20  1:42  Overlord  
  20  1:48  Overlord  
  24  2:08  Roach x2  
  24  2:10  Burrow  
  24  2:13  Roach  
  26  2:23  Roach  
  28  2:36  Roach  
  30  2:43  Overlord  
  30  2:45  Roach x2  
  30  2:46  Roach  
  36  3:07  Drone  
  36  3:10  Hatchery  
  36  3:11  Drone  
  37  3:19  Drone x2  
  39  3:20  Roach  
  37  3:42  Drone x3  
  40  3:52  Drone x4  
  44  3:57  Queen  
  46  4:03  Metabolic Boost  
  46  4:05  Roach x7  
  46  4:10  Overlord  
  46  4:38  Drone  
  46  4:39  Drone x4  
  51  4:47  Extractor  
  51  4:51  Hatchery  
  49  4:59  Drone  
  50  5:00  Drone x4  
  54  5:07  Extractor  
  54  5:09  Drone, Extractor  
  53  5:16  Lair  
  53  5:30  Drone x5  
  58  5:42  Drone x2  
  60  5:44  Overlord  
  60  5:51  Overlord x2  
  60  5:53  Roach  
  60  5:59  Overlord  
  60  6:00  Overlord  
  60  6:03  Drone  
  60  6:04  Evolution Chamber, Drone x6  
  63  6:05  Evolution Chamber  
  63  6:06  Overlord x2  
  63  6:33  Drone  
  63  6:34  Drone x7  
  63  6:35  Baneling Nest  
  70  6:46  Spore Crawler  
  69  6:56  Drone x6  
  76  7:03  Spore Crawler  
  76  7:04  Overlord x2  
  76  7:06  Roach x5  
  75  7:16  Extractor  
  75  7:17  Extractor  
  75  7:22  Spine Crawler x2  
  80  7:24  Spore Crawler  
Show
View Real Time Build Order
Export as new Build Order

Idunno Terran - Winner!

Build Orders: Reaper Expand, MMM Bio 

Get SALT Encoding   

  12  0:01  SCV  
  13  0:13  SCV  
  14  0:18  Supply Depot  
  14  0:26  SCV  
  15  0:41  Barracks  
  15  0:43  Refinery  
  15  0:44  SCV  
  16  0:56  SCV  
  17  1:08  SCV  
  18  1:27  Orbital Command  
  18  1:29  Reaper  
  18  1:30  Supply Depot  
  19  1:51  Command Center  
  19  1:54  SCV  
  20  2:01  Reaper  
  21  2:05  Barracks  
  21  2:12  SCV, Barracks  
  22  2:17  Refinery  
  22  2:24  SCV  
  23  2:35  Marine  
  23  2:36  SCV  
  24  2:42  Bunker  
  24  2:44  Bunker  
  24  2:48  SCV  
  25  2:53  Marine  
  25  2:54  Barracks Tech Lab  
  26  3:00  Barracks Tech Lab  
  26  3:04  SCV  
  27  3:10  Marine  
  28  3:14  Supply Depot, Marauder  
  30  3:28  Marine, Marauder  
  30  3:29  SCV  
  34  3:40  Marauder  
  36  3:42  SCV  
  36  3:45  Orbital Command  
  37  3:51  Stimpack  
  37  3:53  Concussive Shells  
  37  3:56  SCV  
  37  4:02  Engineering Bay  
  38  4:08  SCV  
  38  4:09  Marine  
  40  4:14  SCV  
  41  4:20  SCV  
  41  4:21  Factory  
  42  4:26  SCV  
  43  4:32  SCV  
  43  4:35  Marine x2  
  43  4:36  Marine  
  43  4:38  Terran Infantry Armor Level 1, SCV  
  47  4:42  Refinery  
  47  4:43  Combat Shields  
  47  4:44  SCV  
  49  4:50  SCV, Supply Depot  
  50  4:53  Marine x3  
  50  4:56  SCV  
  54  5:06  Starport  
  54  5:07  Factory Reactor  
  54  5:12  SCV x2, Marauder, Marine x2  
  60  5:17  Supply Depot  
  60  5:24  SCV x2  
  62  5:30  Missile Turret  
  62  5:34  Marauder, Marine  
  65  5:36  SCV x2  
  65  5:41  Engineering Bay  
  65  5:42  Armory  
  67  5:48  SCV x2  
  69  5:52  Medivac x2  
  73  6:00  SCV x2, Factory Tech Lab, Marine  
  73  6:01  Marine x2  
  78  6:11  Command Center  
  78  6:12  Barracks  
  78  6:13  Liberator  
  78  6:18  SCV, Marine x2  
  78  6:19  Supply Depot, Refinery, Marine  
  78  6:21  SCV  
  86  6:40  Supply Depot x2, Medivac  
  86  6:42  SCV  
  89  6:55  Marine x3  
  89  6:59  SCV x2  
  93  7:11  SCV  
  93  7:13  Marine x2  
  100  7:16  SCV  
  101  7:28  Barracks x2  
Tags
 
Add a new tag
Caveats
  • Supply blocks, unpowered buildings, or Contaminate may cause inaccurate times.
  • Supply counts are checked every 10 seconds.